 Dungeon Crawl Stone Soup version 0.24-a0-181-gd121a6d (console) character file.

Game seed: 1039308370165973174

15912 Duffy the Thaumaturge (level 12, -3/78 HPs)
             Began as an Octopode Transmuter on Mar 14, 2019.
             Was an Initiate of Gozag.
             Slain by a blink frog (19 damage)
             ... on level 3 of the Lair of Beasts.
             The game lasted 00:21:37 (15323 turns).

Duffy the Thaumaturge (Octopode Transmuter)        Turns: 15323, Time: 00:21:38

Health: -3/78      AC:  1    Str: 12    XL:     12   Next: 32%
Magic:  35/35      EV: 17    Int: 21    God:    Gozag
Gold:   992        SH:  0    Dex: 12    Spells: 22/32 levels left

rFire    . . .     SeeInvis .     - Unarmed
rCold    + + .     Gourm    .   (no shield)
rNeg     . . .     Faith    .   (helmet restricted)
rPois    +         Spirit   .   i - amulet of regeneration
rElec    .         Reflect  .   u - ring of Foolhardiness {rPois Stlth+}
rCorr    .         Harm     .   w - ring of protection from cold
MR       +....                  E - ring "Anahybus" {MR+ MP+9 Str+3}
Stlth    +++.......             P - ring of protection from cold
HPRegen  0.63/turn              (no ring)
MPRegen  0.24/turn              (no ring)
                                (no ring)
                                (no ring)

@: no status effects
A: almost no armour, stealthy swim, amphibious, 8 rings, constrict 8, camouflage
1, gelatinous body 1
a: Potion Petition, Call Merchant, Bribe Branch, Renounce Religion


You were on level 3 of the Lair of Beasts.
You worshipped Gozag.
Gozag was pleased with you.
You were not hungry.

You visited 3 branches of the dungeon, and saw 14 of its levels.

You collected 2304 gold pieces.
You spent 1240 gold pieces at shops.
You paid 72 gold pieces to Gozag.

Inventory:

Hand Weapons
 o - a +0 blowgun
 M - the +8 mace of the Lumpy Friends {venom, rElec rN+ Int-5}
   (You found it on level 4 of the Dungeon)

   It poisons the flesh of those it strikes.
   It affects your intelligence (-5).
   It insulates you from electricity.
   It protects you from negative energy.
Missiles
 a - 301 arrows
Armour
 l - a +0 large shield
 B - a +2 shield
Magical Staves
 Q - an uncursed staff of earth {!a}
Jewellery
 i - an amulet of regeneration (around mantle)
 u - the ring of Foolhardiness (left tentacle) {rPois Stlth+}
   (You took it off an orc on level 4 of the Dungeon)

   [ring of poison resistance]

   It protects you from poison.
   It makes you more stealthy.
 w - a ring of protection from cold (right tentacle)
 x - an uncursed ring of fire
 y - an uncursed amulet of the gourmand
 E - the ring "Anahybus" (on tentacle) {MR+ MP+9 Str+3}
   (You found it on level 8 of the Dungeon)

   [ring of magical power]

   It affects your strength (+3).
   It affects your resistance to hostile enchantments.
   It affects your magic capacity (+9).
 J - an uncursed amulet of the acrobat
 L - an uncursed ring of fire
 P - a ring of protection from cold (on tentacle)
Wands
 p - a wand of random effects (23)
 D - a wand of iceblast (1)
 O - a wand of polymorph (9)
Scrolls
 b - 8 scrolls of identify
 e - a scroll of enchant weapon
 f - 8 scrolls of remove curse
 g - a scroll of immolation
 j - 5 scrolls of enchant armour
 k - 2 scrolls of fog
 q - 5 scrolls of teleportation
 C - a scroll of vulnerability
 F - a scroll of summoning
 G - 2 scrolls of amnesia
 H - a scroll of magic mapping
 I - a scroll of blinking
Potions
 d - a potion of cancellation
 h - 5 potions of brilliance
 m - a potion of mutation
 n - a potion of lignification
 r - 2 potions of might
 s - a potion of heal wounds
 t - 2 potions of haste
 v - 2 potions of invisibility
 z - 3 potions of ambrosia
 A - a potion of magic
 K - 2 potions of curing
 N - a potion of degeneration {unknown}
Comestibles
 c - 36 rations


   Skills:
 + Level 5.8 Fighting
 + Level 8.5 Dodging
 + Level 10.3 Unarmed Combat
 + Level 10.9 Spellcasting
 - Level 5.0 Transmutations
 - Level 3.0 Ice Magic
 - Level 3.0 Poison Magic
 - Level 4.0 Evocations


You had 22 spell levels left.
You knew the following spells:

 Your Spells              Type           Power        Failure   Level  Hunger
h - Ice Form              Ice/Tmut       ####....     11%         4    #......
j - Sticks to Snakes      Tmut           ####....     1%          2    None
k - Beastly Appendage     Tmut           ####..       1%          1    None
l - Spider Form           Tmut/Pois      ####......   3%          3    None

Your spell library contained the following spells:

 Spells                   Type           Power        Failure   Level  Hunger
 Magic Dart               Conj           ##..         6%          1    None
 Searing Ray              Conj           ##....       9%          2    None
 Dazzling Spray           Conj/Hex       ##....       19%         3    None
 Blade Hands              Tmut           ####......   21%         5    ####...
 Force Lance              Conj/Tloc      ##......     52%         4    #......
 Fulminant Prism          Conj/Hex       ##........   52%         4    #......
 Iskenderun's Mystic Bla  Conj           ##......     52%         4    #......


Dungeon Overview and Level Annotations

Branches:
Dungeon (10/15)            Temple (1/1) D:4            Lair (3/6) D:10
  Swamp: Lair:2-4    Shoals: Lair:2-4     Snake: Lair:2-4    Spider: Lair:2-4
    Orc: D:9-12

Altars:
Ashenzari
Cheibriados
Dithmenos
Elyvilon
Fedhas
Gozag
Hepliaklqana
Kikubaaqudgha
Makhleb
Nemelex Xobeh
Okawaru
Qazlal
Ru
Sif Muna
Trog
Uskayaw
Vehumet
Wu Jian
Xom
Yredelemnul
Zin
The Shining One

Shops:
D:10 ?


Innate Abilities, Weirdness & Mutations

You cannot wear most types of armour.
You are very stealthy in the water. (Stealth+)
You are amphibious.
You can wear up to eight rings at the same time.
You can use your tentacles to constrict eight enemies at once.
Your skin changes colour to match your surroundings (Stealth+).
Your rubbery body absorbs attacks. (AC +1, EV +1)


Message History

Found a scroll of fog. 2 yaks come into view.
The blink frog hits you!
The blink frog blinks! x2
The blink frog croaks.
You hear a bellow! x2
The blink frog hits you. The blink frog hits you!
A yak comes into view.
The blink frog blinks!
A yak comes into view.
The blink frog blinks!
The yak gores you. The blink frog barely misses you.
The blink frog blinks!
The blink frog blinks!
The yak completely misses you. The yak gores you. The blink frog misses you.
The blink frog hits you.
The blink frog blinks! x2
The blink frog blinks!
The blink frog hits you!
The blink frog blinks!
The blink frog blinks!
The blink frog blinks!
The blink frog blinks!
The blink frog hits you!!
You die...
Your body crumbles into a pile of gold.

........## ##.............(.#
.....0...# ##........#.##...#
#.......## #........######..#
#..P....## ##.......# #..# #
.....(..F###........# #..##.#
#####..?.F..........P# #......
###..Y..Y.......## #..####
#...Y#.#YF#<...## #.##
#..?..Y..Y.@#.....#####..#
.......+.................#####
..0....#P.#.##................
.......0........<.............
.###.####.####..P.##..###P(#.P
## ### ####[##.## ### # ######


You could see 5 yaks and 3 blink frogs.

Vanquished Creatures
  A hydra (Lair:1)
  A two-headed ogre (D:9)
  An unseen horror (D:10)
  Pikel (D:7)
  A gargoyle (D:10)
  3 spiny frogs
  A centaur skeleton (D:10)
  A komodo dragon (D:10)
  Grinder (D:5)
  A hornet (D:7)
  Prince Ribbit (D:8)
  5 blink frogs
  2 hippogriffs
  A wyvern (Lair:1)
  Sigmund (D:6)
  12 yaks
  A human (D:7)
  4 hogs (D:7)
  A hungry ghost (D:10)
  4 porcupines
  The ghost of Thaneod the Firebug, an amateur DEFE (D:3)
  Purgy (D:2)
  9 water moccasins
  4 sky beasts
  An ice beast (D:10)
  4 orc warriors
  5 ogres
  4 slaves (D:7)
  3 phantoms
  A wolf (Lair:2)
  2 centaurs
  4 crocodiles (Lair:2)
  12 bullfrogs
  A gnoll sergeant (D:7)
  A wyvern skeleton (D:7)
  5 scorpions
  15 killer bees
  2 howler monkeys
  11 wights
  An electric eel (Lair:1)
  4 crimson imps
  A lava snake (Lair:3)
  2 bullfrog zombies
  3 orc wizards
  2 hounds
  Crazy Yiuf (D:4)
  A bullfrog skeleton (D:9)
  3 orc priests
  4 hell rats (Lair:1)
  An iguana (D:8)
  8 worker ants
  2 hound zombies
  4 gnolls (D:3)
  5 river rats (Lair:1)
  15 adders
  A hound simulacrum (D:3)
  2 shadow imps (D:9)
  A white imp (D:3)
  3 oozes
  An adder skeleton (D:6)
  3 worms
  3 dart slugs
  An adder simulacrum (D:3)
  7 leopard geckos
  24 orcs
  2 giant cockroaches
  9 goblins
  7 hobgoblins
  20 jackals
  8 quokkas
  4 ball pythons
  5 bats
  6 frilled lizards
  A giant cockroach simulacrum (D:3)
  9 kobolds
  A leopard gecko simulacrum (D:3)
  A leopard gecko skeleton (D:7)
  A leopard gecko zombie (D:5)
  19 rats
326 creatures vanquished.

Vanquished Creatures (others)
  9 fungi
  3 plants (D:10)
12 creatures vanquished.

Grand Total: 338 creatures vanquished

Notes
Turn   | Place    | Note
-------+----------+-------------------------------------------
     0 | D:1      | Duffy the Octopode Transmuter began the quest for the Orb.
     0 | D:1      | Reached XP level 1. HP: 13/13 MP: 3/3
    13 | D:1      | Reached XP level 2. HP: 18/18 MP: 5/5
    21 | D:1      | Learned a level 2 spell: Sticks to Snakes
   581 | D:1      | Reached XP level 3. HP: 14/23 MP: 6/6
   586 | D:1      | Learned a level 3 spell: Spider Form
  1479 | D:2      | Reached skill level 1 in Poison Magic
  1479 | D:2      | Reached XP level 4. HP: 17/28 MP: 6/8
  2362 | D:2      | Reached XP level 5. HP: 33/33 MP: 9/9
  2495 | D:3      | Learned a level 4 spell: Ice Form
  2540 | D:3      | Found a runed translucent gate.
  2540 | D:3      | Found a runed translucent gate.
  2540 | D:3      | Found a runed translucent gate.
  2543 | D:3      | Noticed Purgy
  2575 | D:2      | Killed Purgy
  2575 | D:2      | Reached XP level 6. HP: 32/38 MP: 6/11
  2681 | D:3      | Noticed Thaneod's ghost (amateur DEFE)
  3149 | D:3      | Found a white marble altar of Elyvilon.
  3544 | D:4      | Reached skill level 5 in Unarmed Combat
  3544 | D:4      | Reached XP level 7. HP: 43/43 MP: 10/13
  3925 | D:4      | Identified the ring of Foolhardiness {rPois Stlth+}
  3984 | D:4      | Found a runed translucent door.
  3985 | D:4      | Noticed Crazy Yiuf
  4073 | D:4      | Found a staircase to the Ecumenical Temple.
  4238 | Temple   | Entered the Ecumenical Temple
  4488 | Temple   | Became a worshipper of Gozag Ym Sagoz the Greedy
  4547 | D:5      | Entered Level 5 of the Dungeon
  4841 | D:5      | Noticed Grinder
  4847 | D:5      | Killed Grinder
  4847 | D:5      | Reached skill level 5 in Spellcasting
  4847 | D:5      | Reached XP level 8. HP: 48/48 MP: 15/15
  5057 | D:5      | Noticed a hippogriff
  5073 | D:5      | Killed a hippogriff
  5563 | D:6      | Noticed Sigmund
  5645 | D:6      | Killed Sigmund
  5921 | D:6      | Reached skill level 5 in Dodging
  5956 | D:6      | Reached XP level 9. HP: 11/53 MP: 11/18
  6174 | D:6      | Found Vuesh's Food Shop.
  6687 | D:7      | Noticed a hornet
  7016 | D:7      | Reached skill level 1 in Evocations
  7106 | D:8      | Noticed Pikel
  7316 | D:7      | Killed Pikel
  7966 | D:7      | Killed a hornet
  8378 | D:8      | Noticed Prince Ribbit
  8390 | D:8      | Killed Prince Ribbit
  8390 | D:8      | Reached skill level 5 in Transmutations
  8390 | D:8      | Reached XP level 10. HP: 57/58 MP: 18/20
  8799 | D:8      | Got a steaming brass ring
  8800 | D:8      | Identified the ring "Anahybus" {MR+ MP+9 Str+3} (You found
                  | it on level 8 of the Dungeon)
  9175 | D:9      | Found a glowing golden altar of the Shining One.
  9292 | D:9      | Noticed a two-headed ogre
  9298 | D:9      | Killed a two-headed ogre
  9569 | D:10     | Entered Level 10 of the Dungeon
  9710 | D:10     | Noticed a gargoyle
  9987 | D:10     | Found Puyxilut's Magic Scroll Shoppe.
  9993 | D:10     | Bought a scroll of summoning for 123 gold pieces
  9993 | D:10     | Bought a scroll of amnesia for 45 gold pieces
  9993 | D:10     | Bought a scroll of noise for 13 gold pieces
  9993 | D:10     | Bought a scroll of blinking for 97 gold pieces
  9993 | D:10     | Bought a scroll of identify for 26 gold pieces
  9993 | D:10     | Bought a scroll of identify for 26 gold pieces
 10341 | D:10     | Reached XP level 11. HP: 70/70 MP: 23/23
 10439 | D:10     | Found a staircase to the Lair.
 10572 | D:10     | Reached skill level 5 in Fighting
 11394 | D:10     | Killed an unseen horror
 11836 | D:3      | Killed Thaneod's ghost
 11972 | D:4      | Killed Crazy Yiuf
 11976 | D:4      | Got a slimy mace
 12057 | D:6      | Bought a ration for 70 gold pieces
 12057 | D:6      | Bought a ration for 70 gold pieces
 12057 | D:6      | Bought a ration for 70 gold pieces
 12057 | D:6      | Bought a ration for 70 gold pieces
 12057 | D:6      | Bought a ration for 70 gold pieces
 12057 | D:6      | Bought a ration for 70 gold pieces
 12057 | D:6      | Bought a ration for 70 gold pieces
 12057 | D:6      | Bought a ration for 70 gold pieces
 12057 | D:6      | Bought a ration for 70 gold pieces
 12057 | D:6      | Bought a ration for 70 gold pieces
 12057 | D:6      | Bought a ration for 70 gold pieces
 12057 | D:6      | Bought a ration for 70 gold pieces
 12057 | D:6      | Bought a ration for 70 gold pieces
 12314 | Lair:1   | Entered Level 1 of the Lair of Beasts
 12389 | Lair:1   | Noticed a four-headed hydra
 12398 | Lair:1   | Killed a four-headed hydra
 12404 | Lair:1   | Reached skill level 10 in Unarmed Combat
 12854 | Lair:1   | Reached skill level 10 in Spellcasting
 13188 | Lair:1   | Identified the +8 mace of the Lumpy Friends {venom, rElec
                  | rN+ Int-5} (You found it on level 4 of the Dungeon)
 13194 | Lair:1   | Reached XP level 12. HP: 77/77 MP: 26/26
 15323 | Lair:3   | Slain by a blink frog

Levels and vault maps discovered:
D:1:      onia_arrival_handbag, layout_basic
D:2:      layout_loops_ring, kennysheep_big_empty_room, minmay_goblin_outpost
D:3:      layout_rooms, elyvilon_altar_5, first_ration, gammafunk_ghost_icy,
          uniq_purgy
D:4:      layout_rooms, minmay_temple_entry_glassed_door,
          uniq_crazy_yiuf_cottage
D:5:      layout_layer_cave, uniq_grinder
D:6:      layout_loops_ring, serial_shops, shop, uniq_sigmund
D:7:      layout_basic, hangedman_abyss_or_decor_lesser_grid, grunt_livestock,
          sword_in_stone
D:8:      layout_basic, minivault_23, uniq_pikel, uniq_prince_ribbit1
D:9:      layout_irregular_city, nicolae_tso_swordbearing_angel
D:10:     layout_roguey, grunt_lair_entry_orc_guard_hut, serial_shops, shop
Temple:   roderic_octagonal_lattice_temple
Lair:1:   layout_cave_pods, kennysheep_abandoned_house, serial_bayou_shore_a,
          grunt_megastairs_5, lemuel_fruit_tree
Lair:2:   layout_cave_pods, beast_lair_carwin_4, grunt_megastairs_2
Lair:3:   layout_chaotic_city, roderic_batcave

Skill      XL: |  1  2  3  4  5  6  7  8  9 10 11 |
---------------+----------------------------------+-----
Poison Magic   | 1 2 3 |  3.0
Transmutations | 3 5 |  5.0
Spellcasting   | 3 4 5 6 7 8 10 | 10.9
Unarmed Combat | 4 5 6 7 9 10 | 10.3
Dodging        | 3 5 6 8 |  8.5
Evocations     | 4 |  4.0
Ice Magic      | 3 |  3.0
Fighting       | 4 5 |  5.8

Action                   |  1- 3 |  4- 6 |  7- 9 | 10-12 || total
-------------------------+-------+-------+-------+-------++-------
Melee: Unarmed           |    81 |   171 |   349 |   495 ||  1096
       Constrict         |    20 |    28 |    34 |    12 ||    94
       Tentacles         |     8 |    15 |    21 |    15 ||    59
       Punch             |     3 |     2 |     6 |    10 ||    21
 Cast: Spider Form       |     1 |    10 |    28 |    12 ||    51
       Ice Form          |       |       |     1 |    41 ||    42
Evoke: Wand              |       |       |     4 |    15 ||    19
  Use: Potion            |       |     4 |       |     2 ||     6
       Scroll            |       |       |    13 |     5 ||    18
 Stab: Sleeping          |    13 |     4 |    13 |     6 ||    36
       Distracted        |       |     1 |       |     2 ||     3
  Eat: Chunk             |     2 |     7 |     3 |       ||    12
       Ration            |       |       |     4 |    10 ||    14
Armor: Skin              |     4 |    13 |     6 |    99 ||   122
Dodge: Dodged            |    38 |   159 |   225 |   278 ||   700

Table legend:
 A = Non-vault XP
 B = Vault XP
 C = Vault XP percentage of total XP
 D = Non-vault monster count
 E = Vault monster count
 F = Vault count percentage of total count
                 A         B        C        D         E       F
            +---------+---------+-------+---------+---------+-------
      Total |   16188 |    6544 |  28.8 |     262 |      60 |  18.6
            +---------+---------+-------+---------+---------+-------
        D:1 |      39 |      10 |  20.4 |      26 |       4 |  13.3
        D:2 |     116 |     152 |  56.7 |      23 |       6 |  20.7
        D:3 |     207 |     175 |  45.8 |      38 |       6 |  13.6
        D:4 |     364 |      40 |   9.9 |      24 |       1 |   4.0
        D:5 |     466 |     286 |  38.0 |      12 |       1 |   7.7
        D:6 |     833 |     212 |  20.3 |      20 |       1 |   4.8
        D:7 |     573 |    2047 |  78.1 |      11 |      11 |  50.0
        D:8 |    1115 |     264 |  19.1 |      17 |       1 |   5.6
        D:9 |    2410 |       0 |   0.0 |      23 |       0 |   0.0
       D:10 |    3538 |     721 |  16.9 |      33 |       5 |  13.2
     Lair:1 |    3988 |    1357 |  25.4 |      21 |      16 |  43.2
     Lair:2 |    2074 |    1280 |  38.2 |      12 |       8 |  40.0
     Lair:3 |     465 |       0 |   0.0 |       2 |       0 |   0.0
            +---------+---------+-------+---------+---------+-------
